 Dungeon Crawl Stone Soup version 0.21.0-3-g78d12a8 (webtiles) character file.

53 tidbits the Sneak (level 3, 0/18 HPs)
             Began as a Vine Stalker Wizard on Jan 10, 2018.
             Slain by an ogre
             ... wielding a +0 giant spiked club
              (12 damage)
             ... on level 4 of the Dungeon.
             The game lasted 00:07:51 (853 turns).

tidbits the Sneak (Vine Stalker Wizard)              Turns: 853, Time: 00:07:52

Health: 0/18       AC:  8    Str: 10    XL:     3   Next: 89%
Magic:  0/8        EV: 10    Int: 18    God:
Gold:   68         SH:  0    Dex: 12    Spells: 7/8 levels left

rFire    . . .     SeeInvis .   a - +2 short sword (elec)
rCold    . . .     Gourm    .   (no shield)
rNeg     . . .     Faith    .   B - +0 ring mail
rPois    .         Spirit   +   E - +2 hat
rElec    .         Reflect  .   (no cloak)
rCorr    .         Harm     .   G - +0 pair of gloves (curse)
MR       .....     Rnd*Tele +   (no boots)
Stlth    ++........             (no amulet)
HPRegen  0.06/turn              m - ring of teleportation (curse)
MPRegen  0.11/turn              (no ring)

@: no status effects
A: fangs 2, magic shield, antimagic bite, no potion heal 3, rot immunity
a: no special abilities


You were on level 4 of the Dungeon.
You were not hungry.

You visited 1 branch of the dungeon, and saw 5 of its levels.

You collected 68 gold pieces.

Inventory:

Hand Weapons
 a - a +2 short sword of electrocution (weapon)
   (You found it on level 2 of the Dungeon)
 e - a +0 short sword
 h - a +0 hunting sling
 i - a +2 mace of protection
   (You found it on level 1 of the Dungeon)
 j - a +0 dagger
Missiles
 f - 71 stones (quivered)
 o - 24 arrows
Armour
 q - a +0 robe
 B - a +0 ring mail (worn)
 E - a +2 hat (worn)
 G - a cursed +0 pair of gloves (worn)
Jewellery
 m - a cursed ring of teleportation (left hand)
   (You found it on level 3 of the Dungeon)
Scrolls
 g - a scroll of teleportation {unknown}
Potions
 b - a potion of haste {unknown}
 k - a potion of brilliance
 l - a potion of might {unknown}
Books
 c - a book of Minor Magic

   Spells                             Type                      Level
   a - Magic Dart                     Conjuration                  1
   b - Blink                          Translocation                2
   c - Call Imp                       Summoning                    2
   d - Slow                           Hexes                        2
   e - Conjure Flame                  Conjuration/Fire             3
   f - Mephitic Cloud                 Conjuration/Poison/Air       3
Comestibles
 d - 4 rations


   Skills:
 + Level 1.8 Fighting
 + Level 1.0 Short Blades
 - Level 1.5 Dodging
 + Level 3.9 Stealth
 - Level 3.2 Spellcasting
 - Level 1.0 Conjurations
   Level 1.0 Summonings
   Level 1.0 Translocations


You had 7 spell levels left.
You knew the following spells:

 Your Spells              Type           Power        Failure   Level  Hunger
a - Magic Dart            Conj           #...         26%         1    None


Dungeon Overview and Level Annotations

Branches:
Dungeon (5/15)
 Temple: D:4-7

Altars:
Elyvilon

Annotations:
D:4 exclusion: downstairs


Innate Abilities, Weirdness & Mutations

You have extremely sharp teeth.
When hurt, damage is shared between your health and your magic reserves.
Your bite disrupts and absorbs the magic of your enemies.
Potions cannot restore your health.
You are immune to rotting.


Message History

You see here a jackal corpse.
A goblin comes into view. It is wielding a club.
You see here a jackal corpse.
Casting: Magic Dart
Confirm with . or Enter, or press ? or * to list all spells.
Aiming: Magic Dart
Press: ? - help, Shift-Dir - straight line, f - goblin
Aim: a goblin, wielding a club (hasn't noticed you)
The magic dart hits the goblin.
The goblin is heavily wounded.
The goblin shouts!
Found 17 gold pieces.
You puncture the goblin!
You kill the goblin!
A quokka comes into view.
Casting: Magic Dart
Confirm with . or Enter, or press ? or * to list all spells.
Aiming: Magic Dart
Press: ? - help, Shift-Dir - straight line, f - quokka
Aim: a quokka (resting)
You miscast Magic Dart.
Your skin glows momentarily.
A goblin comes into view. It is wielding a club.
The quokka completely misses you.
The quokka bites you but does no damage.
You hit the quokka.
You kill the quokka!
Your Short Blades skill increases to level 1!
You see here 17 gold pieces.
You now have 68 gold pieces (gained 17).
Found a stone staircase leading down.
There is a stone staircase leading down here.
A ball python comes into view.
Unknown command.
You are suddenly yanked towards some nearby monsters!
Your surroundings suddenly seem different.
A rat and a hobgoblin come into view.
Casting: Magic Dart
Confirm with . or Enter, or press ? or * to list all spells.
Aiming: Magic Dart
Press: ? - help, Shift-Dir - straight line, f - rat
Aim: a rat (resting)
You miscast Magic Dart.
Wisps of smoke drift from your hands.
The rat twitches its whiskers.
Casting: Magic Dart
Confirm with . or Enter, or press ? or * to list all spells.
Aiming: Magic Dart
Press: ? - help, Shift-Dir - straight line, f/p - rat
Aim: a rat The magic dart hits the rat.
The rat is moderately wounded.
You hit the rat.
You kill the rat!
You hit the hobgoblin. Your bite misses the hobgoblin.
The hobgoblin is severely wounded.
The hobgoblin barely misses you.
You barely miss the hobgoblin. Your bite misses the hobgoblin.
The hobgoblin is severely wounded.
The hobgoblin hits you but does no damage.
You hit the hobgoblin but do no damage.
Lightning courses through the hobgoblin!
You kill the hobgoblin!
Found a stone staircase leading down.
There is a stone staircase leading down here.
You climb downwards.
Level annotation: exclusion: downstairs A worker ant comes into view.
The worker ant twitches its antennae in your direction.
Found a ration.
There is a stone staircase leading up here.
Unknown command.
You climb upwards.
There is a stone staircase leading down here.
Unknown command.
You see here a rat corpse.
Your magical contamination has completely faded away.
A giant cockroach comes into view.
The giant cockroach moves out of view.
The ball python hisses angrily.
There is a stone staircase leading down here.
Unknown command.
You climb downwards.
Level annotation: exclusion: downstairs An ogre comes into view.
It is wielding a giant spiked club.
The ogre hits you with a giant spiked club!
There is a stone staircase leading up here.
Unknown command.
Okay, then.
Okay, then.
You hit the ogre.
The ogre is lightly wounded.
You hit the ogre.
The ogre is moderately wounded.
The ogre closely misses you.
You hit the ogre but do no damage. You bite the ogre, but do no damage.
The ogre is moderately wounded.
The ogre hits you with a giant spiked club!
Ouch! That really hurt!
You die...

.... ...#
#####...###
#..........
#........
#...... #...#
#.@.#
#.......O......
#..............
#..............
#..............
#..............
#...####.######
#...### .#
#.....#


You could see an ogre.

Vanquished Creatures
  2 dart slugs
  3 leopard geckos
  An orc (D:3)
  A giant cockroach (D:1)
  5 goblins
  5 hobgoblins
  8 jackals
  A quokka (D:3)
  A ball python (D:1)
  4 bats
  4 frilled lizards
  3 kobolds
  4 rats
42 creatures vanquished.

Notes
Turn   | Place    | Note
-------+----------+-------------------------------------------
     0 | D:1      | tidbits the Vine Stalker Wizard began the quest for the Orb.
     0 | D:1      | Reached XP level 1. HP: 9/9 MP: 5/5
   137 | D:1      | Reached XP level 2. HP: 7/14 MP: 0/7
   150 | D:1      | Reached skill level 1 in Fighting
   150 | D:1      | Reached skill level 3 in Stealth
   299 | D:2      | Found a white marble altar of Elyvilon.
   484 | D:3      | Reached XP level 3. HP: 6/18 MP: 3/8
   599 | D:5      | Entered Level 5 of the Dungeon
   610 | D:5      | Noticed a killer bee
   630 | D:4      | Noticed a hippogriff
   775 | D:3      | Reached skill level 1 in Short Blades
   850 | D:4      | Noticed an ogre
   853 | D:4      | Slain by an ogre

Skill      XL: |  1  2  3 |
---------------+----------+-----
Fighting       | 1 |  1.8
Stealth        | 3 |  3.9
Short Blades   | 1 |  1.0
Dodging        | |  1.5
Spellcasting   | |  3.2
Conjurations   | |  1.0
Summonings     | |  1.0
Translocations | |  1.0

Action                   || total
-------------------------++-------
Melee: Unarmed           ||     6
       Short sword       ||    58
       Bite              ||     7
 Cast: Magic Dart        ||    58
  Use: Scroll            ||     6
       Potion            ||     1
 Stab: Sleeping          ||     1
Armor: Robe              ||     7
       Ring mail         ||    14
Dodge: Dodged            ||    42

Table legend:
 A = Turns spent in this place as a percentage of turns spent in the entire game.
 B = Non-inter-level travel turns spent in this place as a percentage of non-inter-level travel turns spent in the entire game.
 C = Inter-level travel turns spent in this place as a percentage of turns spent in this place.
 D = Turns resting spent in this place as a percentage of non-inter-level travel turns spent in this place.
 E = Turns spent auto-exploring this place as a percentage of non-inter-level travel turns spent in this place.
 F = Non-inter-level travel turns spent in this place divided by the number of levels of this place that you've seen.
                   A       B       C       D       E      F
               +-------+-------+-------+-------+-------+----------------------
         Total | 100.0 | 100.0 |   2.2 |   0.5 |   0.0 | 166.8
       Dungeon | 100.0 | 100.0 |   2.2 |   0.5 |   0.0 | 166.8
               +-------+-------+-------+-------+-------+----------------------

Table legend:
 A = Kills in this place as a percentage of kills in entire the game.
 B = Kills by you in this place as a percentage of kills by you in the entire game.
 C = Kills by friends in this place as a percentage of kills by friends in the entire game.
 D = Other kills in this place as a percentage of other kills in the entire game.
 E = Experience gained in this place as a percentage of experience gained in the entire game.
 F = Experience gained in this place divided by the number of levels of this place that you have seen.
                   A       B       C       D       E      F
               +-------+-------+-------+-------+-------+----------------------
         Total | 100.0 | 100.0 |   N/A |   N/A | 100.0 |  15.4
       Dungeon | 100.0 | 100.0 |   N/A |   N/A | 100.0 |  15.4
               +-------+-------+-------+-------+-------+----------------------

Vault maps used:
D:1:      minmay_arrival_split_and_join
D:2:      nicolae_overflow_crystal_walls
D:4:      first_ration, uniq_grinder, uniq_natasha
D:5:      kennysheep_little_box, makhleb_grotto_becter,
          minmay_temple_entry_statues_pillars, kennysheep_generic_room_15
